 Dungeon Crawl Stone Soup version 0.18-a0-1284-g43455fe (webtiles) character file.

86373 Psiweapon the Unseen (level 16, -4/98 HPs)
             Began as a Kobold Hunter on Feb 6, 2016.
             Was a High Priest of Dithmenos.
             Slain by Louise
             ... wielding a +0 glaive
              (7 damage)
             ... on level 1 of the Shoals on Feb 8, 2016.
             The game lasted 02:42:30 (28073 turns).

Psiweapon the Unseen (Kobold Hunter)               Turns: 28073, Time: 02:42:30

Health: -4/98      AC: 32    Str: 21    XL:     16   Next: 34%
Magic:  15/20      EV: 25    Int: 13    God:    Dithmenos [*****.]
Gold:   1458       SH:  0    Dex: 26    Spells: 0 memorised, 15 levels left

rFire  + . .     SeeInvis .     D - +8 whip "Snakebite" {curare, rPois}
rCold  . . .     Gourm    .     c - +8 plate armour of Infinity {Dex+3}
rNeg   . . .     Faith    .     (shield restricted)
rPois  +         Spirit   .     E - +2 hat {MR+}
rElec  .         Dismiss  .     G - +2 cloak {rPois}
rCorr  .         Reflect  .     R - +0 pair of gloves
SustAt .         Harm     .     X - +0 pair of boots
MR     +++++     Rnd*Tele +     v - amulet of regeneration
Stlth  +++++++++.               t - ring of Cemnakoh {+Blink +Fly rF+ Int+3}
                                W - ring "Goim" {rPois MR+ Str+10 Dex-4}

@: agile, wreathed by umbra, almost entirely resistant to hostile enchantments,
incredibly stealthy
A: antennae 1, beak, repulsion field 1, carnivore 3, magic resistance 2, sense
surroundings 1, shaggy fur 1, teleportitis 1, wild magic 1, MP-powered wands
a: Shadow Step, Shadow Form, Renounce Religion, Evoke Blink, Evoke Flight


You were on level 1 of the Shoals.
You worshipped Dithmenos.
Dithmenos was extremely pleased with you.
You were completely stuffed.

You visited 4 branches of the dungeon, and saw 22 of its levels.
You also visited: Labyrinth.

You collected 1674 gold pieces.
You spent 216 gold pieces at shops.

Inventory:

Hand Weapons
 a - a +1 hand crossbow
 b - a +2 short sword of electrocution
 f - a +0 trident of pain
 D - the +8 whip "Snakebite" (weapon) {curare, rPois}
   (You found it on level 7 of the Dungeon)

   It poisons the flesh of those it strikes.
   It protects you from poison.
Missiles
 d - 54 bolts
 p - 28 silver bolts
 T - 2 throwing nets (quivered)
Armour
 c - the +8 plate armour of Infinity (worn) {Dex+3}
   (You found it in a labyrinth)

   It affects your dexterity (+3).
 z - a +1 scale mail of cold resistance
 E - a +2 hat of magic resistance (worn)
 G - a +2 cloak of poison resistance (worn)
 R - a +0 pair of gloves (worn)
 X - a +0 pair of boots (worn)
Rods
 J - a +3 rod of inaccuracy (13/13)
   (You found it on level 8 of the Lair of Beasts)
Jewellery
 i - the ring of Linearity {*Corrode +Fly rElec EV+5 Int+4}
   (You found it on level 4 of the Lair of Beasts)

   [ring of evasion]

   It affects your evasion (+5).
   It affects your intelligence (+4).
   It insulates you from electricity.
   It lets you fly.
   It may corrode your equipment when you take damage.
 t - the ring of Cemnakoh (right hand) {+Blink +Fly rF+ Int+3}
   (You found it on level 10 of the Dungeon)

   [ring of protection from fire]

   It affects your intelligence (+3).
   It protects you from fire.
   It lets you fly.
   It lets you blink.
 v - an amulet of regeneration (around neck)
 C - an uncursed ring of stealth
 K - an uncursed ring of protection from fire
 L - an uncursed ring of ice
 W - the ring "Goim" (left hand) {rPois MR+ Str+10 Dex-4}
   (You found it in a labyrinth)

   [ring of protection from magic]

   It affects your strength (+10).
   It affects your dexterity (-4).
   It protects you from poison.
   It affects your resistance to hostile enchantments.
Wands
 u - a wand of enslavement (10/24)
 B - a wand of iceblast (6/15)
 F - a wand of acid (10/15)
 I - a wand of iceblast (8/15)
 M - a wand of confusion (14/48)
 Q - a wand of slowing (24/48)
 S - a wand of teleportation (0/9)
 U - a wand of paralysis (8/24)
 V - a wand of lightning (10/15)
Scrolls
 g - 13 scrolls of remove curse
 m - 3 scrolls of identify
 w - 5 scrolls of fog
 H - 7 scrolls of magic mapping
 N - 2 scrolls of recharging
Potions
 j - 9 potions of curing
 o - a potion of cancellation
 s - 3 potions of ambrosia
 A - 3 potions of resistance
 O - 4 potions of brilliance
 P - a potion of agility
Miscellaneous
 h - a plain deck of summoning {Foxfire}
 Y - a phial of floods (inert)
Comestibles
 x - 36 royal jellies


   Skills:
 - Level 10.3 Fighting
 - Level 10.2 Short Blades
 + Level 9.9 Maces & Flails
 - Level 11.5 Crossbows
 - Level 10.4 Armour
 - Level 10.1 Dodging
 + Level 19.0 Stealth
 + Level 5.3 Invocations
 - Level 5.5 Evocations


You had 15 spell levels left.
You didn't know any spells.

Dungeon Overview and Level Annotations

Branches:
Dungeon (12/15)            Temple (0/1) D:5            Lair (8/8) D:11
 Shoals (1/4) Lair:3       Spider (1/4) Lair:6        Slime (0/6) Lair:6
    Orc (0/2) D:9

Altars:
Dithmenos
Gozag
Nemelex Xobeh
Okawaru
Qazlal
Ru
Sif Muna
Xom
The Shining One

Shops:
D:4 (   D:11 ?

Annotations:
D:4 exclusion: downstairs
Lair:3 2 exclusions
Lair:6 exclusion: downstairs
Shoals:1 Louise


Innate Abilities, Weirdness & Mutations

You are small and have problems with some larger weapons.
You are carnivorous and can eat meat at any time.
You have a pair of small antennae on your head.
You have a beak for a mouth.
You are surrounded by a mild repulsion field (EV +2).
You are highly resistant to hostile enchantments.
You passively map a small area around you.
You are covered in fur (AC +1).
You are occasionally teleported next to monsters.
Your spells are a little harder to cast, but a little more powerful.
You expend magic power (3 MP) to strengthen your wands.


Message History

As you read the scroll of fear, it crumbles to dust.
You assume a fearsome visage.
Louise resists with some effort.
The satyr looks frightened!
The faun looks frightened! x2
The faun shouts!
The snapping turtle looks frightened!
The merfolk aquamancer resists with almost no effort.
The merfolk looks frightened!
The water elemental is unaffected. x3
The hippogriff looks frightened!
The hippogriff screeches!
The harpy looks frightened! x4
The merfolk aquamancer is engulfed in a cloud of scalding steam.
Louise gestures at you while chanting. The bolt of lightning hits you!
* * * LOW HITPOINT WARNING * * *
The bolt of lightning hits the water elemental.
The water elemental resists.
The satyr plays a rousing melody on his pipes!
The satyr's allies are stirred to greatness!
Louise hits you with a glaive!
You die...

≈ ,
≈≈≈≈≈≈≈≈≈≈≈≈≈≈≈≈≈≈≈≈≈≈≈
.≈≈≈≈≈≈≈≈≈≈≈≈≈≈≈≈≈≈≈≈≈≈
,
#..≈H≈≈≈≈≈≈≈Hm≈≈≈≈≈≈≈≈≈
≈
##.≈≈≈≈≈≈≈%≈≈≈H≈≈≈≈≈≈≈≈≈
≈
...≈≈≈≈≈≈.≈.≈≈≈≈≈≈≈..≈≈≈
≈ ,
......≈≈≈tE..≈≈≈≈≈.#. ≈
≈ ......≈≈E.mE..≈≈≈≈.#
,##.....###...≈≈≈.#* ≈ *
, ##..@.# ###.≈≈≈.# ,
#...@.#* .≈≈.... ,
##..........># ,.≈≈≈...
#...≈.....c..# *##?≈≈$ ≈
##..≈≈........# .≈≈ *
##..≈≈≈..###....
...≈≈≈...###...≈c , ≈
≈≈≈≈≈≈≈≈c..##..cc.≈
c≈≈≈≈≈≈≈≈≈≈≈...##..c. ≈


You could see Louise, a satyr (fleeing), a merfolk aquamancer, a snapping turtle
(roused), a merfolk (fleeing), 4 fauns, 2 water elementals and 3 harpies.

Vanquished Creatures
  Rupert (Lair:7)
  Gastronok (Lair:1)
  Kirke (Lair:5)
  A minotaur (Lab)
  Josephine (Lair:5)
  An entropy weaver (Spider:1)
  9 hydras
  A queen ant (Lair:7)
  12 death yaks
  Urug (Lair:2)
  The ghost of Banto the Basher, a novice HuSk of Zin (D:8)
  A fire crab (Lair:8)
  4 unseen horrors
  2 hill giants
  A deep elf mage (D:10)
  An orc knight (D:9)
  A wolf spider (Spider:1)
  2 orb spiders (Spider:1)
  2 oklob plants
  A griffon (Lair:7)
  A centaur zombie (D:10)
  4 black mambas
  A cyclops (D:10)
  16 elephants
  15 spiny frogs
  2 sirens (Lair:3)
  2 torpor snails
  Joseph (D:7)
  A gargoyle (D:10)
  A demonic crawler (Spider:1)
  5 fire drakes
  2 merfolk (Lair:3)
  13 komodo dragons
  A queen bee (Lair:1)
  3 jumping spiders (Spider:1)
  2 raiju (Lair:8)
  2 two-headed ogres (D:8)
  10 polar bears
  27 blink frogs
  3 slime creatures (Lair:6)
  Sigmund (D:5)
  2 tarantellas (Spider:1)
  2 wyverns
  6 redbacks
  5 wraiths
  24 yaks
  A human (Lair:5)
  2 basilisks
  A hog (Lair:5)
  A steam dragon (Lair:5)
  14 hippogriffs
  8 wargs
  2 hungry ghosts (Lab)
  A mottled dragon (D:11)
  21 wolves
  17 water moccasins
  3 hell hounds (Lair:8)
  10 porcupines
  6 soldier ants (Lair:7)
  5 sky beasts
  3 ice beasts
  7 orc warriors
  14 black bears
  2 wasps
  6 ogres
  A necrophage (D:11)
  6 phantoms
  16 crocodiles
  10 centaurs
  2 big kobolds
  21 giant frogs
  A gnoll sergeant (D:7)
  2 scorpions
  22 killer bees
  A troll skeleton (Lab)
  A spriggan skeleton (Lab)
  An electric eel (Lair:1)
  A giant frog zombie (D:10)
  3 crimson imps
  A wasp zombie (D:6)
  18 hounds
  4 centaur skeletons
  14 orc priests
  Crazy Yiuf (D:7)
  13 jellies
  A giant frog skeleton (D:6)
  Ijyb (D:2)
  Terence (D:2)
  Jessica (D:2)
  20 iguanas
  11 orc wizards
  32 worker ants
  22 sheep
  A killer bee zombie (D:5)
  2 hound skeletons
  Robin (D:4)
  3 worker ant zombies
  3 gnolls
  48 river rats
  8 adders
  4 shadow imps
  6 oozes
  4 adder skeletons
  3 worms
  12 giant geckos
  57 orcs
  5 giant cockroaches
  19 goblins
  10 hobgoblins
  22 jackals
  12 kobolds
  3 quokkas
  5 ball pythons
  8 bats
  9 giant newts
  2 jackal skeletons
  A quokka skeleton (D:5)
  2 quokka zombies
  5 rats
  A plant (Lair:8)
805 creatures vanquished.

Vanquished Creatures (others)
  A tarantella (Spider:1)
  A human (Lair:5)
  16 fungi
  9 plants
27 creatures vanquished.

Grand Total: 832 creatures vanquished

Notes
Turn   | Place    | Note
--------------------------------------------------------------
     0 | D:1      | Psiweapon the Kobold Hunter began the quest for the Orb.
     0 | D:1      | Reached XP level 1. HP: 12/12 MP: 1/1
    28 | D:2      | Found a shimmering altar of Xom.
    33 | D:2      | Reached skill level 5 in Crossbows
    42 | D:2      | Reached skill level 1 in Short Blades
    76 | D:2      | Noticed Ijyb
    93 | D:2      | Killed Ijyb
    93 | D:2      | Reached XP level 2. HP: 12/17 MP: 2/2
    93 | D:2      | Reached XP level 3. HP: 14/21 MP: 3/3
   185 | D:2      | Found an opulent altar of Gozag.
   589 | D:2      | Reached XP level 4. HP: 26/26 MP: 4/4
  1160 | D:2      | Noticed Jessica
  1167 | D:2      | Killed Jessica
  1167 | D:2      | Reached skill level 5 in Short Blades
  1349 | D:3      | Reached XP level 5. HP: 12/30 MP: 5/5
  1695 | D:3      | Noticed an ogre
  1712 | D:3      | Killed an ogre
  1712 | D:3      | Reached skill level 5 in Stealth
  1712 | D:3      | Reached XP level 6. HP: 17/35 MP: 6/6
  1940 | D:5      | Entered Level 5 of the Dungeon
  1940 | D:5      | Noticed Sigmund
  1945 | D:4      | Found Urycviw's Antique Weapon Shop.
  2149 | D:2      | Found a shadowy altar of Dithmenos.
  2150 | D:2      | Noticed Terence
  2151 | D:2      | Found a sparkling altar of Nemelex Xobeh.
  2211 | D:2      | Killed Terence
  2507 | D:2      | Found a deep blue altar of Sif Muna.
  2509 | D:2      | Became a worshipper of Dithmenos the Shadowed
  3258 | D:4      | Reached XP level 7. HP: 26/40 MP: 7/7
  3514 | D:4      | Reached skill level 5 in Dodging
  3515 | D:4      | Noticed Robin
  3515 | D:4      | Reached * piety under Dithmenos
  3518 | D:4      | Killed Robin
  3784 | D:4      | Reached skill level 6 in Dodging
  3804 | D:4      | Found a glowing golden altar of the Shining One.
  4379 | D:5      | Found a sacrificial altar of Ru.
  4905 | D:5      | Found a staircase to the Ecumenical Temple.
  5087 | D:5      | Reached XP level 8. HP: 44/44 MP: 8/8
  5088 | D:5      | Reached ** piety under Dithmenos
  5116 | D:5      | Gained mutation: You have a pair of small antennae on your head. [mutagenic meat]
  5117 | D:5      | Gained mutation: You tend to lose your temper in combat. [mutagenic meat]
  5118 | D:5      | Gained mutation: You are agile. (Dex +2) [mutagenic meat]
  5119 | D:5      | Gained mutation: You are resistant to hostile enchantments. [mutagenic meat]
  5120 | D:5      | Gained mutation: You are occasionally teleported next to monsters. [mutagenic meat]
  5121 | D:5      | Gained mutation: You passively map a small area around you. [mutagenic meat]
  5403 | D:5      | Gained mutation: You are weak. (Str -2) [potion of mutation]
  5403 | D:5      | Gained mutation: You expend magic power (3 MP) to strengthen your wands. [potion of mutation]
  5430 | D:5      | Killed Sigmund
  5430 | D:5      | Reached skill level 7 in Short Blades
  5516 | D:4      | Reached skill level 8 in Stealth
  5808 | D:6      | Found a stormy altar of Qazlal.
  5854 | D:7      | Noticed Joseph
  5966 | D:6      | Reached skill level 9 in Stealth
  5966 | D:6      | Reached XP level 9. HP: 30/48 MP: 9/9
  5975 | D:6      | Reached *** piety under Dithmenos
  6589 | D:6      | Reached skill level 10 in Stealth
  6954 | D:8      | Noticed Banto's ghost (novice HuSk)
  7003 | D:7      | Reached skill level 10 in Short Blades
  7018 | D:7      | Reached skill level 1 in Armour
  7489 | D:7      | Noticed Crazy Yiuf
  7498 | D:7      | Killed Crazy Yiuf
  7930 | D:7      | Killed Joseph
  7930 | D:7      | Reached XP level 10. HP: 12/53 MP: 10/10
  8479 | D:7      | Reached **** piety under Dithmenos
  9058 | D:8      | Lost mutation: You tend to lose your temper in combat. [mutagenic meat]
  9059 | D:8      | Gained mutation: You are surrounded by a mild repulsion field (EV +2). [mutagenic meat]
  9060 | D:8      | Gained mutation: Your mind is acute. (Int +2) [mutagenic meat]
  9061 | D:8      | Lost mutation: You are agile. (Dex +2) [mutagenic meat]
  9062 | D:8      | Lost mutation: Your mind is acute. (Int +2) [mutagenic meat]
  9063 | D:8      | Lost mutation: You are weak. (Str -2) [mutagenic meat]
  9066 | D:8      | Gained mutation: You are covered in fur (AC +1). [mutagenic meat]
  9068 | D:8      | Gained mutation: Your spells are a little harder to cast, but a little more powerful. [mutagenic meat]
  9069 | D:8      | Gained mutation: You are dopey. (Int -2) [mutagenic meat]
  9326 | D:8      | Killed Banto's ghost
  9326 | D:8      | Reached skill level 5 in Armour
  9757 | D:10     | Entered Level 10 of the Dungeon
 10267 | D:8      | Reached XP level 11. HP: 60/62 MP: 11/11
 10308 | D:8      | Reached ***** piety under Dithmenos
 10308 | D:8      | Reached skill level 10 in Crossbows
 10427 | D:9      | Reached skill level 5 in Fighting
 10440 | D:9      | Noticed an orc knight
 10913 | D:11     | Found Xoim's Magic Scroll Boutique.
 10916 | D:11     | Bought a scroll of magic mapping for 56 gold pieces
 10916 | D:11     | Bought a scroll of identify for 32 gold pieces
 10916 | D:11     | Bought 3 scrolls of identify for 96 gold pieces
 10916 | D:11     | Bought a scroll of identify for 32 gold pieces
 10965 | D:11     | Noticed a hill giant
 10991 | D:11     | Killed a hill giant
 11012 | D:11     | Found a labyrinth entrance.
 11020 | Lab      | Entered a labyrinth
 11086 | Lab      | Reached skill level 11 in Crossbows
 11125 | Lab      | Noticed a minotaur
 11128 | Lab      | Killed a minotaur
 11183 | Lab      | Got a bound golden ring
 11190 | Lab      | Identified the ring "Goim" {rPois MR+ Str+10 Dex-4} (You found it in a labyrinth)
 11233 | Lab      | Got a translucent whip
 11233 | Lab      | Got a warped hand axe
 11235 | Lab      | Identified the +7 whip of Expedience {slash, *Contam rPois MR++ MP+9} (You found it in a labyrinth)
 11237 | Lab      | Identified the +1 hand axe of the Lame Duck {chop, Fragile +Blink +Inv Str+3} (You found it in a labyrinth)
 11239 | Lab      | Got a heavily runed plate armour
 11241 | Lab      | Identified the +8 plate armour of Infinity {Dex+3} (You found it in a labyrinth)
 11394 | D:11     | Killed an unseen horror
 11823 | D:9      | Found an iron altar of Okawaru.
 11823 | D:9      | Found a sacrificial altar of Ru.
 11994 | D:9      | Killed an orc knight
 12008 | D:9      | Found a staircase to the Orcish Mines.
 12365 | D:10     | Killed an unseen horror
 12423 | D:10     | Reached XP level 12. HP: 72/72 MP: 12/12
 12488 | D:10     | Reached skill level 12 in Stealth
 12524 | D:10     | Killed an unseen horror
 12685 | D:10     | Noticed a four-headed hydra
 12714 | D:10     | Lost mutation: You are dopey. (Int -2) [mutagenic meat]
 12793 | D:10     | Killed an unseen horror
 12793 | D:10     | Reached skill level 13 in Stealth
 12806 | D:10     | Got a flickering jade ring
 12811 | D:10     | Identified the ring of Cemnakoh {+Blink +Fly rF+ Int+3} (You found it on level 10 of the Dungeon)
 12880 | D:10     | Killed a four-headed hydra
 13506 | D:10     | Found a stormy altar of Qazlal.
 14365 | D:11     | Noticed an eight-headed hydra
 14376 | D:11     | Killed an eight-headed hydra
 14435 | D:11     | Reached skill level 5 in Evocations
 14557 | D:11     | Found a staircase to the Lair.
 14629 | Lair:1   | Entered Level 1 of the Lair of Beasts
 14745 | Lair:1   | Reached skill level 1 in Maces & Flails
 14942 | Lair:1   | Reached XP level 13. HP: 76/76 MP: 17/17
 15050 | Lair:1   | Noticed Gastronok
 15068 | Lair:1   | Killed Gastronok
 15149 | Lair:1   | Noticed a five-headed hydra
 15162 | Lair:1   | Killed a five-headed hydra
 15289 | Lair:1   | Reached skill level 5 in Maces & Flails
 15900 | Lair:2   | Noticed a four-headed hydra
 15910 | Lair:2   | Killed a four-headed hydra
 16008 | Lair:2   | Reached skill level 10 in Armour
 16105 | Lair:2   | Noticed Urug
 16120 | Lair:2   | Killed Urug
 17136 | Lair:2   | Got a pair of jewelled boots
 17142 | Lair:2   | Identified the +0 pair of boots of the Gusle {-Tele Str+7 Dex+4} (You found it on level 2 of the Lair of Beasts)
 17722 | Lair:2   | Reached skill level 14 in Stealth
 18085 | Lair:3   | Reached ****** piety under Dithmenos
 18254 | Lair:3   | Gained mutation: You have a beak for a mouth. [potion of mutation]
 18254 | Lair:3   | Gained mutation: You are highly resistant to hostile enchantments. [potion of mutation]
 18297 | Lair:3   | Reached XP level 14. HP: 82/82 MP: 18/18
 18352 | Lair:3   | Found a staircase to the Shoals.
 18784 | Lair:4   | Got a brightly glowing robe
 18942 | D:11     | Identified the +1 robe "Gunlokacen" {rCorr SInv} (You found it on level 4 of the Lair of Beasts)
 19096 | Lair:4   | Got a shimmering lead ring
 19102 | Lair:4   | Found a shadowy altar of Dithmenos.
 19312 | Lair:4   | Reached skill level 15 in Stealth
 20159 | Lair:4   | Reached skill level 16 in Stealth
 20257 | Lair:4   | Upgraded the game from 0.18-a0-1266-g3be6530 to 0.18-a0-1284-g43455fe
 20258 | Lair:4   | Identified the ring of Linearity {*Corrode +Fly rElec EV+5 Int+4} (You found it on level 4 of the Lair of Beasts)
 20629 | Lair:5   | Noticed Josephine
 20643 | Lair:5   | Killed Josephine
 20643 | Lair:5   | Reached skill level 10 in Dodging
 21614 | Lair:5   | Noticed Kirke
 21648 | Lair:5   | Killed Kirke
 22631 | Lair:5   | Reached skill level 17 in Stealth
 22763 | Lair:6   | Reached XP level 15. HP: 88/88 MP: 14/19
 22890 | Lair:6   | Found a staircase to the Slime Pits.
 23124 | Lair:6   | Found a hole to the Spider Nest.
 23265 | Lair:8   | Entered Level 8 of the Lair of Beasts
 24181 | Lair:7   | Noticed Rupert
 24211 | Lair:7   | Killed Rupert
 24211 | Lair:7   | Reached skill level 10 in Fighting
 24211 | Lair:7   | Reached skill level 18 in Stealth
 24725 | Lair:7   | Reached skill level 1 in Invocations
 26023 | Lair:8   | Identified a +3 rod of inaccuracy (13/13) (You found it on level 8 of the Lair of Beasts)
 26218 | Lair:8   | Reached XP level 16. HP: 98/98 MP: 20/20
 27586 | Spider:1 | Entered Level 1 of the Spider Nest
 27633 | Spider:1 | Reached skill level 5 in Invocations
 27647 | Spider:1 | HP: 2/98 [disintegration (47)]
 27806 | Spider:1 | Reached skill level 19 in Stealth
 28045 | Shoals:1 | Entered Level 1 of the Shoals
 28050 | Shoals:1 | Noticed Louise
 28072 | Shoals:1 | HP: 2/98 [Louise/bolt of lightning (23)]
 28073 | Shoals:1 | Slain by Louise

Vault maps used:
D:1:      dpeg_arrival_rooms_c
D:2:      xom_teletrap_fun, lemuel_coloured_pillars_altar,
          gammafunk_temple_overflow_forgotten, uniq_terence, uniq_iyjb,
          uniq_jessica
D:4:      serial_shops, shop, first_bread, nrook_loot_triangle,
          nicolae_tso_carved_into_rock, uniq_robin
D:5:      minmay_temple_entry_nine_rooms, basic_altar, minmay_stone_trees_small,
          uniq_sigmund
D:6:      grunt_qazlal_clouds
D:7:      enter_bailey_8, uniq_joseph, uniq_crazy_yiuf_cottage
D:8:      hangedman_little_slice_of_home, minmay_crossroads
D:9:      grunt_temple_overflow_open, david_orc_1_choice, dk_vineyard_2
D:10:     hangedman_cross_cluster, basic_altar
D:11:     erik_lair_dragon, lab_entry_generic, serial_shops,
          nicolae_shop_behind_doors
D:12:     lemuel_centaur_altar
Lair:1:   special_room, serial_bayou_ford_a, st_stairs_3, uniq_gastronok
Lair:2:   beast_lair_carwin_10, uniq_urug
Lair:3:   elwin_shoals_entry_stream, grunt_megastairs_3
Lair:4:   lemuel_oklob_altar, serial_bayou_shore_a
Lair:5:   bh_autumn_forest_stairs, grunt_megastairs_5, lemuel_fruit_tree,
          uniq_josephine, uniq_kirke
Lair:6:   spider_nest_entry_a, minmay_slime_entry_pillars, beast_lair_carwin_5
Lair:7:   zaba_antful_of_joy, uniq_rupert
Lair:8:   hangedman_lair_caniforms_friends, st_stairs_7
Shoals:1: uniq_louise
Lab:      nicolae_lab_statue, nicolae_lab_grate, nicolae_lab_starburst,
          labyrinth_skeletal_remains, nicolae_lab_hexagon, nicolae_lab_dead_end,
          lab_fountain, lab_statue, nicolae_lab_blocks, lab_block

Action                   |  1- 3 |  4- 6 |  7- 9 | 10-12 | 13-15 | 16-18 || total
-------------------------+-------+-------+-------+-------+-------+-------++-------
Melee: Short sword       |    45 |   100 |   291 |   282 |   582 |    45 ||  1345
       Dagger            |       |    40 |       |    11 |    13 |       ||    64
       Whip              |       |       |       |   134 |   610 |   125 ||   869
       Quick blade       |       |       |       |       |    11 |       ||    11
 Fire: Hand crossbow     |    13 |    46 |   103 |   259 |   315 |    29 ||   765
Throw: Tomahawk          |       |       |       |     2 |       |       ||     2
Invok: Shadow Step       |       |       |       |     7 |    12 |     3 ||    22
 Abil: Evoke Blink       |       |       |       |     1 |    21 |     8 ||    30
       Evoke Flight      |       |       |       |       |     1 |       ||     1
Evoke: Wand              |       |     1 |     3 |     6 |    15 |     4 ||    29
       Rod               |       |       |       |       |       |     6 ||     6
       Phial of floods   |       |       |       |       |       |     1 ||     1
  Use: Potion            |       |     3 |     2 |     1 |     3 |     5 ||    14
       Scroll            |       |       |     9 |    14 |    18 |     3 ||    44
 Stab: Sleeping          |     2 |    11 |    14 |    37 |    34 |     8 ||   106
       Distracted        |       |       |     1 |     2 |     3 |       ||     6
       Paralysed         |       |       |       |     1 |       |       ||     1
       Confused          |       |       |       |       |     1 |       ||     1
  Eat: Chunk             |     7 |     9 |    21 |    38 |    39 |     7 ||   121
